 Dungeon Crawl Stone Soup version 0.23.2 (webtiles) character file.

Game seed: 14331009490625539411

10 Borgoz the Sneak (level 2, -2/22 HPs)
             Began as a Ghoul Enchanter on Apr 4, 2019.
             Slain by a kobold
             ... wielding a +0 dagger
              (3 damage)
             ... on level 1 of the Dungeon.
             The game lasted 00:00:47 (41 turns).

Borgoz the Sneak (Ghoul Enchanter)                    Turns: 41, Time: 00:00:48

Health: -2/22      AC:  2    Str: 11    XL:     2   Next: 20%
Magic:  1/3        EV: 12    Int: 10    God:
Gold:   9          SH:  0    Dex:  9    Spells: 3/4 levels left

rFire    . . .     SeeInvis .   a - +1 dagger
rCold    + . .     Gourm    .   (no shield)
rNeg     + + +     Faith    .   b - +0 robe
rPois    ∞         Spirit   .   (no helmet)
rElec    .         Reflect  .   (no cloak)
rCorr    .         Harm     .   (no gloves)
MR       .....                  (no boots)
Stlth    ++........             (no amulet)
HPRegen  0.00/turn              (no ring)
MPRegen  0.08/turn              (no ring)

@: rotting
A: rotting body, claws 1, carnivore, cold resistance 1, negative energy
resistance 3, inhibited regeneration, torment resistance, unbreathing
a: no special abilities


You were on level 1 of the Dungeon.
You were not hungry.

You visited 1 branch of the dungeon, and saw 1 of its levels.

You collected 9 gold pieces.

Inventory:

Hand Weapons
 a - a +1 dagger (weapon)
Armour
 b - a +0 robe (worn)
Scrolls
 c - a scroll of fog {unknown}
 e - a scroll of blinking {unknown}
Potions
 g - a potion of degeneration {unknown}
Comestibles
 d - a ration
 f - a chunk of flesh


   Skills:
 + Level 0.5 Fighting
 * Level 1.3 Short Blades
 + Level 0.3 Armour
 * Level 2.0 Dodging
 - Level 3.2 Stealth
 - Level 1.7 Spellcasting
 - Level 2.4 Hexes


You had 3 spell levels left.
You knew the following spells:

 Your Spells              Type           Power        Failure   Level  Hunger
a - Corona                Hex            #......      12%         1    ##.....

Your spell library contained the following spells:

 Spells                   Type           Power        Failure   Level  Hunger
 Ensorcelled Hibernation  Hex/Ice        #.....       30%         2    ###....
 Confuse                  Hex            #.......     34%         3    ####...
 Tukima's Dance           Hex            #.......     34%         3    ####...
 Dazzling Spray           Conj/Hex       #.....       52%         3    ####...


Dungeon Overview and Level Annotations

Branches:
Dungeon (1/15)

Altars:


Innate Abilities, Weirdness & Mutations

Your body is rotting away.
You thrive on raw meat.
You are immune to poison.
You have sharp fingernails.
You are carnivorous and can eat meat at any time.
Your flesh is cold resistant. (rC+)
You are immune to negative energy. (rN+++)
You do not regenerate when monsters are visible.
You are immune to unholy pain and torment.
You can survive without breathing.


Message History

You hit the gnoll.
The gnoll is almost dead.
You hit the gnoll but do no damage.
The gnoll is almost dead.
The gnoll hits you.
* * * LOW HITPOINT WARNING * * *
You hit the gnoll but do no damage.
The gnoll is almost dead.
The gnoll closely misses you.
You hit the gnoll.
You kill the gnoll!
Your Short Blades skill increases to level 1!
Your Dodging skill increases to level 2!
You have reached level 2!
The kobold hits you with a +0 dagger.
* * * LOW HITPOINT WARNING * * *
You see here a fuming yellow potion.
g - a fuming yellow potion The kobold hits you with a +0 dagger.
You die...

#..#### ..
##.....# ...
##....8.####
...##.......§≈≈#
.#.........≈≈§≈#
.....8..8<§§≈§§#
#.........≈§≈§#
#..........§§≈#
#.#......8@####
#.........K#####
#.#...$........#
.....#.#...#......
###$.........#....
#......÷...#.###
#.....##.#...#
#..... #...###
....... ##..#


You could see a kobold.

Vanquished Creatures
  A gnoll (D:1)
  A frilled lizard (D:1)
2 creatures vanquished.

Notes
Turn   | Place    | Note
-------+----------+-------------------------------------------
     0 | D:1      | Borgoz the Ghoul Enchanter began the quest for the Orb.
     0 | D:1      | Reached XP level 1. HP: 14/14 MP: 2/2
    37 | D:1      | Reached skill level 1 in Short Blades
    37 | D:1      | Reached XP level 2. HP: 4/22 MP: 1/3
    40 | D:1      | HP: 1/22 [kobold/+0 dagger (3)]
    41 | D:1      | Slain by a kobold

Skill      XL: |  1 |
---------------+----+-----
Short Blades   | 1 |  1.3
Dodging        | 2 |  2.0
Fighting       | |  0.5
Armour         | |  0.3
Stealth        | |  3.2
Spellcasting   | |  1.7
Hexes          | |  2.4

Action                   || total
-------------------------++-------
Melee: Dagger            ||    13
 Cast: Corona            ||     2
Dodge: Dodged            ||     8
